| TOP OF THE 1ST |
|
Winnipeg Goldeyes batting - Pitching for Paris Cubs : RHP Steve Vint
|
|
Pitching: RHP Steve Vint
|
|
|
Batting: SHB Rodrigo Mendoza
|
0-0: Ground out 3-1 (Groundball, 34, EV 106.2 MPH)
|
|
Batting: RHB Nestor Moreno
|
0-0: Ball 1-0: Ball 2-0: Foul Ball, location: 2F 2-1: SINGLE (Line Drive, 56, EV 108.8 MPH)
|
|
Batting: RHB Willie Jimenez
|
0-0: Ball 1-0: Ball 2-0: Ball 3-0: Base on Balls Nestor Moreno to second
|
|
Batting: RHB Alexandre Garcia
|
0-0: Called Strike 0-1: Swinging Strike 0-2: Ball 1-2: Foul Ball, location: 2F 1-2: Ball 2-2: Ball 3-2: Grounds into double play, 5-4-3 (Groundball, 56S, EV 82.5 MPH)
|
| Top of the 1st over - 0 runs, 1 hit, 0 errors, 1 left on base; Winnipeg 0 - Paris 0 |
| BOTTOM OF THE 1ST |
|
Paris Cubs batting - Pitching for Winnipeg Goldeyes : RHP Jason Waite
|
|
Pitching: RHP Jason Waite
|
|
|
Batting: SHB Jim Lloyd
|
0-0: Called Strike 0-1: Foul Ball, location: 2F 0-2: SINGLE (Line Drive, 89S, EV 91.2 MPH)
|
|
Batting: RHB Dave de Wolff
|
0-0: Foul Ball, location: 2F 0-1: Swinging Strike 0-2: Strikes out swinging
|
|
Batting: RHB Jorge Lagunas
|
0-0: Called Strike 0-1: Foul Ball, location: 2F 0-2: Fly out, F5 (Popup, 5F, EV 81.2 MPH)
|
|
Batting: RHB Bartolo Aguilar
|
0-0: Ball 1-0: Ball 2-0: Ball 3-0: Called Strike 3-1: Base on Balls Jim Lloyd to second
|
|
Batting: RHB Dan Orozco
|
0-0: Called Strike 0-1: Ball 1-1: Swinging Strike 1-2: Foul Ball, location: 2F 1-2: Ball 2-2: Ball 3-2: Foul Ball, location: 2F 3-2: Base on Balls Jim Lloyd to third Bartolo Aguilar to second
|
|
Batting: RHB Mike Stein
|
0-0: Called Strike 0-1: Foul Ball, location: 2F 0-2: Foul Ball, location: 2F 0-2: Ball 1-2: Strikes out looking
|
| Bottom of the 1st over - 0 runs, 1 hit, 0 errors, 3 left on base; Winnipeg 0 - Paris 0 |
| TOP OF THE 2ND |
|
Winnipeg Goldeyes batting - Pitching for Paris Cubs : RHP Steve Vint
|
|
Batting: RHB Terry Oetker
|
0-0: Foul Ball, location: 2F 0-1: Swinging Strike 0-2: Strikes out looking
|
|
Batting: RHB Josh Harmon
|
0-0: Called Strike 0-1: Ball 1-1: Ground out 3-1 (Groundball, 34, EV 101.9 MPH)
|
|
Batting: LHB Jose Hilario
|
0-0: Foul Ball, location: 2F 0-1: Foul Ball, location: 2F 0-2: Foul Ball, location: 2F 0-2: Ground out 6-3 (Groundball, 56, EV 103.1 MPH)
|
| Top of the 2nd over - 0 runs, 0 hits, 0 errors, 0 left on base; Winnipeg 0 - Paris 0 |
| BOTTOM OF THE 2ND |
|
Paris Cubs batting - Pitching for Winnipeg Goldeyes : RHP Jason Waite
|
|
Batting: RHB Jorge Gonzalez
|
0-0: Fly out, F9 (Flyball, 9LM, EV 95.6 MPH)
|
|
Batting: RHB Willie Rubio
|
0-0: Called Strike 0-1: Foul Ball, location: 2F 0-2: Ground out 1-3 (Groundball, 13S, EV 73.1 MPH)
|
|
Batting: SHB Joshua Vincent
|
0-0: Swinging Strike 0-1: Ball 1-1: Foul Ball, location: 2F 1-2: Strikes out swinging
|
| Bottom of the 2nd over - 0 runs, 0 hits, 0 errors, 0 left on base; Winnipeg 0 - Paris 0 |
| TOP OF THE 3RD |
|
Winnipeg Goldeyes batting - Pitching for Paris Cubs : RHP Steve Vint
|
|
Batting: SHB Ed Mosqueda
|
0-0: Called Strike 0-1: Called Strike 0-2: Ball 1-2: Strikes out swinging
|
|
Batting: RHB Hisao Takei
|
0-0: Ball 1-0: Foul Ball, location: 2F 1-1: Fly out, F7 (Flyball, 7, EV 95.6 MPH)
|
|
Batting: SHB Rodrigo Mendoza
|
0-0: Called Strike 0-1: SINGLE (Line Drive, 9S, EV 91.2 MPH)
|
|
Batting: RHB Nestor Moreno
|
0-0: Ball Rodrigo Mendoza steals 2nd base 1-0: Ball 2-0: Called Strike 2-1: Ground out 6-3 (Groundball, P, EV 84.4 MPH)
|
| Top of the 3rd over - 0 runs, 1 hit, 0 errors, 1 left on base; Winnipeg 0 - Paris 0 |
| BOTTOM OF THE 3RD |
|
Paris Cubs batting - Pitching for Winnipeg Goldeyes : RHP Jason Waite
|
|
Batting: SHB Jim Lloyd
|
0-0: Swinging Strike 0-1: Hit by Pitch
|
|
Batting: RHB Dave de Wolff
|
0-0: Fly out, F4 (Popup, 23, EV 87.5 MPH)
|
|
Batting: RHB Jorge Lagunas
|
0-0: Ball 1-0: Foul Ball, location: 2F 1-1: Ball 2-1: Grounds into double play, 5-4-3 (Groundball, 5S, EV 81.2 MPH)
|
| Bottom of the 3rd over - 0 runs, 0 hits, 0 errors, 0 left on base; Winnipeg 0 - Paris 0 |
| TOP OF THE 4TH |
|
Winnipeg Goldeyes batting - Pitching for Paris Cubs : RHP Steve Vint
|
|
Batting: RHB Willie Jimenez
|
0-0: DOUBLE (Line Drive, 89M, EV 88.8 MPH)
|
|
Batting: RHB Alexandre Garcia
|
0-0: Called Strike 0-1: Ball 1-1: Ball 2-1: Fly out, F9 (Flyball, 9LMF, EV 79.4 MPH)
|
|
Batting: RHB Terry Oetker
|
0-0: Called Strike 0-1: Foul Ball, location: 2F 0-2: Ball 1-2: Fly out, F6 (Popup, 6MD, EV 45.0 MPH)
|
|
Batting: RHB Josh Harmon
|
0-0: Ball 1-0: Ball 2-0: Called Strike 2-1: Swinging Strike 2-2: Strikes out looking
|
| Top of the 4th over - 0 runs, 1 hit, 0 errors, 1 left on base; Winnipeg 0 - Paris 0 |
| BOTTOM OF THE 4TH |
|
Paris Cubs batting - Pitching for Winnipeg Goldeyes : RHP Jason Waite
|
|
Batting: RHB Bartolo Aguilar
|
0-0: Called Strike 0-1: Ball 1-1: Swinging Strike 1-2: Strikes out looking
|
|
Batting: RHB Dan Orozco
|
0-0: Ball 1-0: Foul Ball, location: 2F 1-1: Ball 2-1: Foul Ball, location: 2F 2-2: Foul Ball, location: 2F 2-2: Strikes out swinging
|
|
Batting: RHB Mike Stein
|
0-0: Foul Ball, location: 2F 0-1: Foul Ball, location: 2F 0-2: Ball 1-2: Foul Ball, location: 2F 1-2: Strikes out swinging
|
| Bottom of the 4th over - 0 runs, 0 hits, 0 errors, 0 left on base; Winnipeg 0 - Paris 0 |
| TOP OF THE 5TH |
|
Winnipeg Goldeyes batting - Pitching for Paris Cubs : RHP Steve Vint
|
|
Batting: LHB Jose Hilario
|
0-0: Ball 1-0: Called Strike 1-1: Reached on error, E4 (Groundball, 4, EV 92.5 MPH)
|
|
Batting: SHB Ed Mosqueda
|
0-0: Ball 1-0: Called Strike 1-1: Called Strike 1-2: Ball 2-2: Foul Ball, location: 2F 2-2: Foul Ball, location: 2F 2-2: Fly out, F5 (Popup, 25F, EV 92.5 MPH)
|
|
Batting: RHB Hisao Takei
|
0-0: Ball Jose Hilario steals 2nd base 1-0: Ball 2-0: Foul Ball, location: 2F 2-1: Foul Ball, location: 2F 2-2: Strikes out swinging
|
|
Batting: SHB Rodrigo Mendoza
|
0-0: Ball 1-0: Ball 2-0: Ball 3-0: Base on Balls
|
|
Pitching: LHP Jerry Tyson
|
|
|
Batting: RHB Nestor Moreno
|
0-0: Ball 1-0: 3-RUN HOME RUN (Line Drive, 7D, EV 102.5 MPH), Distance : 392 ft
|
|
Batting: RHB Willie Jimenez
|
0-0: Called Strike 0-1: SINGLE (Flyball, 8RS, EV 97.5 MPH)
|
|
Batting: RHB Alexandre Garcia
|
0-0: Foul Ball, location: 2F 0-1: Ball Willie Jimenez steals 2nd base 1-1: Ball 2-1: Foul Ball, location: 2F 2-2: Ball 3-2: SINGLE (Line Drive, 34D, EV 106.2 MPH) Willie Jimenez to third Runner from 3rd tries for Home, throw by RF and OUT! 9-2
|
| Top of the 5th over - 3 runs, 3 hits, 1 error, 1 left on base; Winnipeg 3 - Paris 0 |
| BOTTOM OF THE 5TH |
|
Paris Cubs batting - Pitching for Winnipeg Goldeyes : RHP Jason Waite
|
|
Batting: RHB Jorge Gonzalez
|
0-0: Called Strike 0-1: Swinging Strike 0-2: Strikes out swinging
|
|
Batting: RHB Willie Rubio
|
0-0: Ball 1-0: Called Strike 1-1: Ball 2-1: Foul Ball, location: 2F 2-2: Foul Ball, location: 2F 2-2: Strikes out swinging
|
|
Batting: SHB Joshua Vincent
|
0-0: Ball 1-0: Called Strike 1-1: Foul Ball, location: 2F 1-2: Ball 2-2: Foul Ball, location: 2F 2-2: Strikes out swinging
|
| Bottom of the 5th over - 0 runs, 0 hits, 0 errors, 0 left on base; Winnipeg 3 - Paris 0 |
| TOP OF THE 6TH |
|
Winnipeg Goldeyes batting - Pitching for Paris Cubs : LHP Jerry Tyson
|
|
Batting: RHB Terry Oetker
|
0-0: SINGLE (Groundball, 6MD, EV 98.8 MPH)
|
|
Batting: RHB Josh Harmon
|
0-0: Grounds into double play, 6-4-3 (Groundball, 6S, EV 81.9 MPH)
|
|
Batting: LHB Jose Hilario
|
0-0: Called Strike 0-1: Ball 1-1: SOLO HOME RUN (Flyball, 7D, EV 99.4 MPH), Distance : 391 ft
|
|
Batting: SHB Ed Mosqueda
|
0-0: Called Strike 0-1: Fly out, F4 (Popup, 4, EV 70.0 MPH)
|
| Top of the 6th over - 1 run, 2 hits, 0 errors, 0 left on base; Winnipeg 4 - Paris 0 |
| BOTTOM OF THE 6TH |
|
Paris Cubs batting - Pitching for Winnipeg Goldeyes : RHP Jason Waite
|
|
Batting: SHB Jim Lloyd
|
0-0: Ball 1-0: Ball 2-0: Called Strike 2-1: Ball 3-1: Called Strike 3-2: Base on Balls
|
|
Batting: RHB Dave de Wolff
|
0-0: Called Strike 0-1: Fly out, F8 (Line Drive, 8LS, EV 93.1 MPH)
|
|
Batting: RHB Jorge Lagunas
|
0-0: Ball Jim Lloyd steals 2nd base 1-0: Ball 2-0: Called Strike 2-1: Ball 3-1: Reached on error, E9 (Flyball, 89D, EV 94.4 MPH) Jim Lloyd scores
|
|
Batting: RHB Bartolo Aguilar
|
0-0: Ball 1-0: Ball 2-0: Called Strike 2-1: Foul Ball, location: 2F 2-2: Ball 3-2: Foul Ball, location: 2F 3-2: Foul Ball, location: 2F 3-2: Base on Balls
|
|
Batting: RHB Dan Orozco
|
0-0: Called Strike 0-1: Ball 1-1: Grounds into double play, 3-6-3 (Groundball, 34, EV 90.0 MPH)
|
| Bottom of the 6th over - 1 run, 0 hits, 1 error, 1 left on base; Winnipeg 4 - Paris 1 |
| TOP OF THE 7TH |
|
Winnipeg Goldeyes batting - Pitching for Paris Cubs : LHP Jerry Tyson
|
|
Pitching: RHP Brian Jarrett
|
|
|
Batting: RHB Hisao Takei
|
0-0: DOUBLE (Line Drive, 7LD, EV 111.2 MPH)
|
|
Batting: SHB Rodrigo Mendoza
|
0-0: Intentional Walk
|
|
Pinch Hitting: LHB George Roben
|
0-0: Called Strike 0-1: Foul Ball, location: 2F 0-2: Fly out, F9 (Flyball, 89S, EV 86.9 MPH)
|
|
Batting: RHB Willie Jimenez
|
0-0: Swinging Strike 0-1: Ball 1-1: Ball 2-1: Foul Ball, location: 2F 2-2: Strikes out swinging
|
|
Batting: RHB Alexandre Garcia
|
0-0: Foul Ball, location: 2F 0-1: Ball 1-1: SINGLE (Line Drive, 6MD, EV 101.9 MPH) Hisao Takei to third Rodrigo Mendoza to second
|
|
Batting: RHB Terry Oetker
|
0-0: Ball 1-0: Ball 2-0: Called Strike 2-1: Ball 3-1: SINGLE (Line Drive, 78S, EV 108.8 MPH) Hisao Takei scores Rodrigo Mendoza to third Alexandre Garcia to second Runner from 3rd tries for Home, SAFE, throw by CF to home
|
|
Batting: RHB Josh Harmon
|
0-0: Fly out, F8 (Line Drive, 8RM, EV 109.4 MPH)
|
| Top of the 7th over - 2 runs, 3 hits, 0 errors, 2 left on base; Winnipeg 6 - Paris 1 |
| BOTTOM OF THE 7TH |
|
Paris Cubs batting - Pitching for Winnipeg Goldeyes : RHP Jason Waite
|
|
Now in CF: Chris Bejarano
|
|
|
Batting: RHB Mike Stein
|
0-0: Swinging Strike 0-1: Ball 1-1: Foul Ball, location: 2F 1-2: Foul Ball, location: 2F 1-2: Strikes out looking
|
|
Batting: RHB Jorge Gonzalez
|
0-0: Ball 1-0: Ball 2-0: Ball 3-0: Called Strike 3-1: Called Strike 3-2: Strikes out looking
|
|
Batting: RHB Willie Rubio
|
0-0: Swinging Strike 0-1: Ball 1-1: Swinging Strike 1-2: Strikes out swinging
|
| Bottom of the 7th over - 0 runs, 0 hits, 0 errors, 0 left on base; Winnipeg 6 - Paris 1 |
| TOP OF THE 8TH |
|
Winnipeg Goldeyes batting - Pitching for Paris Cubs : RHP Brian Jarrett
|
|
Batting: LHB Jose Hilario
|
0-0: Called Strike 0-1: SOLO HOME RUN (Flyball, 9LD, EV 96.9 MPH), Distance : 340 ft
|
|
Batting: SHB Ed Mosqueda
|
0-0: Called Strike 0-1: Ball 1-1: Ball 2-1: Called Strike 2-2: Ball 3-2: Base on Balls
|
|
Batting: RHB Hisao Takei
|
0-0: 2-RUN HOME RUN (Flyball, 7D, EV 105.0 MPH), Distance : 420 ft
|
|
Batting: SHB Rodrigo Mendoza
|
0-0: Called Strike 0-1: Called Strike 0-2: SOLO HOME RUN (Flyball, 89XD, EV 106.2 MPH), Distance : 432 ft
|
|
Batting: RHB Chris Bejarano
|
0-0: Called Strike 0-1: Ball 1-1: Swinging Strike 1-2: Strikes out swinging
|
|
Batting: RHB Willie Jimenez
|
0-0: Ground out 6-3 (Groundball, 6M, EV 86.2 MPH)
|
|
Batting: RHB Alexandre Garcia
|
0-0: Ball 1-0: TRIPLE (Flyball, 89XD, EV 91.9 MPH)
|
|
Batting: RHB Terry Oetker
|
0-0: SINGLE (Flyball, 7S, EV 84.4 MPH) Alexandre Garcia scores
|
|
Pitching: RHP Man-keung Li
|
|
|
Batting: RHB Josh Harmon
|
0-0: Ball 1-0: Ball 2-0: Foul Ball, location: 2F 2-1: Swinging Strike 2-2: Ball 3-2: Foul Ball, location: 2F 3-2: Base on Balls Terry Oetker to second
|
|
Batting: LHB Jose Hilario
|
0-0: Ball 1-0: Ball 2-0: Ball 3-0: Called Strike 3-1: Foul Ball, location: 2F 3-2: Base on Balls Terry Oetker to third Josh Harmon to second
|
|
Batting: SHB Ed Mosqueda
|
0-0: Ball 1-0: Ball 2-0: Called Strike 2-1: Foul Ball, location: 2F 2-2: Foul Ball, location: 2F 2-2: Strikes out swinging
|
| Top of the 8th over - 5 runs, 5 hits, 0 errors, 3 left on base; Winnipeg 11 - Paris 1 |
| BOTTOM OF THE 8TH |
|
Paris Cubs batting - Pitching for Winnipeg Goldeyes : RHP Jason Waite
|
|
Pitching: RHP Karel Braaksma
|
|
|
Batting: SHB Joshua Vincent
|
0-0: Called Strike 0-1: Ball 1-1: Called Strike 1-2: Foul Ball, location: 2F 1-2: Strikes out swinging
|
|
Batting: SHB Jim Lloyd
|
0-0: Swinging Strike 0-1: Swinging Strike 0-2: Ground out U3 (Groundball, 34, EV 110.0 MPH)
|
|
Batting: RHB Dave de Wolff
|
0-0: Called Strike 0-1: Fly out, F9 (Flyball, 9S, EV 86.9 MPH)
|
| Bottom of the 8th over - 0 runs, 0 hits, 0 errors, 0 left on base; Winnipeg 11 - Paris 1 |
| TOP OF THE 9TH |
|
Winnipeg Goldeyes batting - Pitching for Paris Cubs : RHP Man-keung Li
|
|
Pitching: RHP Chris P. Shephard
|
|
|
Pinch Hitting: LHB Shaun Price
|
0-0: Ground out 4-3 (Groundball, 4S, EV 82.5 MPH)
|
|
Batting: SHB Rodrigo Mendoza
|
0-0: Ball 1-0: Foul Ball, location: 3F, Error on foul ball, E3 1-1: Foul Ball, location: 2F 1-2: Ball 2-2: Ball 3-2: Foul Ball, location: 2F 3-2: Ground out 4-3 (Groundball, 4, EV 103.1 MPH)
|
|
Batting: RHB Chris Bejarano
|
0-0: Called Strike 0-1: Foul Ball, location: 2F 0-2: Ball 1-2: Strikes out looking
|
| Top of the 9th over - 0 runs, 0 hits, 1 error, 0 left on base; Winnipeg 11 - Paris 1 |
| BOTTOM OF THE 9TH |
|
Paris Cubs batting - Pitching for Winnipeg Goldeyes : RHP Karel Braaksma
|
|
Now at C: Ratko Macura
|
|
|
Batting: RHB Jorge Lagunas
|
0-0: Called Strike 0-1: Foul Ball, location: 2F 0-2: Ball 1-2: Foul Ball, location: 2F 1-2: Ground out 5-3 (Groundball, 5, EV 106.9 MPH)
|
|
Batting: RHB Bartolo Aguilar
|
0-0: Ball 1-0: Ball 2-0: Ball 3-0: Base on Balls
|
|
Batting: RHB Dan Orozco
|
0-0: Foul Ball, location: 2F 0-1: Foul Ball, location: 2F 0-2: Strikes out swinging
|
|
Batting: RHB Mike Stein
|
0-0: Ball 1-0: Called Strike 1-1: Foul Ball, location: 2F 1-2: Strikes out looking
|
| Bottom of the 9th over - 0 runs, 0 hits, 0 errors, 1 left on base; Winnipeg 11 - Paris 1 |
|